 Dungeon Crawl Stone Soup version 0.29-a0-323-g050149af67 (webtiles) character file.

Game seed: 5026378192278392247

63 Jortsu the Sneak (level 4, -2/28 HPs)
             Began as a Tengu Delver on Apr 10, 2022.
             Was a Follower of Cheibriados.
             Succumbed to a goblin's poison
             ... on level 1 of the Dungeon.
             The game lasted 00:04:13 (1635 turns).

Jortsu the Sneak (Tengu Delver)                     Turns: 1635, Time: 00:04:14

Health: -2/28      AC:  7    Str: 17    XL:     4   Next: 9%
Magic:  5/5        EV: 10    Int: 14    God:    Cheibriados [*.....]
Gold:   67         SH:  0    Dex: 18    Spells: 3/3 levels left

rFire   . . .      SeeInvis .   a - +0 falchion
rCold   . . .      Faith    .   (no shield)
rNeg    . . .      Spirit   .   k - +1 scale mail of the Untouchables {Will+}
rPois   .          Reflect  .   (helmet restricted)
rElec   .          Harm     .   (no cloak)
rCorr   .          Rampage  .   (no gloves)
Will    +....                   (boots unavailable)
Stlth   ++........              (no amulet)
HPRegen 0.09/turn               (no ring)
MPRegen 0.09/turn               (no ring)

@: lethally poisoned (-2 -> -24), very slow
A: beak, talons 3
a: Renounce Religion, Bend Time


You were on level 1 of the Dungeon.
You worshipped Cheibriados.
Cheibriados was aware of your devotion.
You visited 1 branch of the dungeon, and saw 5 of its levels.

You collected 67 gold pieces.

Inventory:

Hand Weapons
 a - a +0 falchion (weapon)
Armour
 b - a +1 leather armour
 k - the +1 scale mail of the Untouchables (worn) {Will+}
   (You found it on level 2 of the Dungeon)

   Will:      It increases your willpower.
Jewellery
 o - a ring of magical power
Wands
 g - a wand of digging (3)
Scrolls
 c - a scroll of fog
 d - a scroll of magic mapping
 e - a scroll of fear
 m - 3 scrolls of identify
Potions
 f - a potion of haste
 i - 2 potions of lignification
 j - 2 potions of heal wounds
 l - 2 potions of might
 n - 2 potions of resistance


   Skills:
 + Level 3.5 Fighting
 + Level 2.8 Long Blades
 + Level 0.3 Armour
 + Level 2.5 Dodging
 + Level 5.7 Stealth


You had 3 spell levels left.
You didn't know any spells.
Your spell library contained the following spells:

 Spells                   Type           Power      Damage    Failure   Level
 Sublimation of Blood     Necr           0%         N/A       83%         2
 Fulminant Prism          Conj/Hex       0%         3d6       100%        4
 Iskenderun's Mystic Bla  Conj/Tloc      0%         2d3       100%        4
 Petrify                  Tmut/Erth      0%         N/A       100%        4
 Irradiate                Conj/Tmut      0%         3d13      100%        5
 Lee's Rapid Deconstruct  Erth           0%         3d5*      100%        5


Dungeon Overview and Level Annotations

Branches:
Dungeon (5/15)
 Temple: D:4-7

Altars:
Cheibriados

Annotations:
D:2 Robin


Innate Abilities, Weirdness & Mutations

You have a beak for a mouth.
You have claws for feet.


Message History

You are poisoned.
There is a stone staircase leading up here.
You feel sick. The goblin closely misses you.
The goblin hits you with a +0 dagger.
The goblin hits you with a +2 dagger of venom.
You are more poisoned.
The goblin hits you but does no damage. The goblin misses you.
You climb upwards.
You feel very sick.
There is a stone staircase leading down here.
You closely miss the goblin.
You feel very sick. The goblin hits you but does no damage.
The goblin barely misses you. x2
You slash the goblin!
You kill the goblin!
Cheibriados appreciates the change of pace.
You feel sick. The goblin hits you but does no damage.
You are lethally poisoned!
The goblin closely misses you.
You hit the goblin. Your kick misses the goblin. You peck the goblin.
You kill the goblin!
Cheibriados appreciates the change of pace.
You feel very sick. The goblin hits you but does no damage.
You are more poisoned.
The goblin hits you but does no damage. x2
You closely miss the goblin. You claw the goblin.
The goblin is severely wounded.
* * * LOW HITPOINT WARNING * * *
You feel very sick. The goblin closely misses you. The goblin misses you.
You slash the goblin!
You kill the goblin!
Cheibriados thoroughly appreciates the change of pace.
Cheibriados raises the support of your attributes as your movement slows.
* * * LOW HITPOINT WARNING * * *
You feel very sick.
You miss the goblin. You claw the goblin.
The goblin is heavily wounded.
You die...

#.......# #######.######
#.........# #.#..#.##.#
#.#..#.##.# ## #.#..#.##.#
#. ###.#....##.# #.
#gg......##.#####.
#@#.#.............
#########)#......########.
#................# #.
#.#######.####..## #. #
#.# #.####..# ## # #.#
#.......# # #.# ######'##
### # #.# ##...## #.. #
#.#### ##.....## #.#


You could see 2 goblins.

Vanquished Creatures
  An adder (D:2)
  A dart slug (D:4)
  4 ball pythons
  An endoplasm (D:2)
  2 giant cockroaches
  11 goblins
  3 hobgoblins
  6 jackals
  4 bats
  10 frilled lizards
  5 kobolds
  2 rats (D:1)
50 creatures vanquished.

Notes
Turn   | Place    | Note
-------+----------+-------------------------------------------
     0 | D:5      | Jortsu the Tengu Delver began the quest for the Orb.
     0 | D:5      | Reached XP level 1. HP: 14/14 MP: 2/2
   139 | D:3      | Reached XP level 2. HP: 18/19 MP: 3/3
   335 | D:2      | Reached XP level 3. HP: 22/23 MP: 4/4
   358 | D:2      | Identified the +1 scale mail of the Untouchables {Will+}
  1259 | D:1      | Found a faded altar of an unknown god.
  1264 | D:1      | Prayed at the altar of an unknown god.
  1264 | D:1      | Became a worshipper of Cheibriados the Contemplative
  1264 | D:1      | Reached * piety under Cheibriados
  1338 | D:1      | Reached XP level 4. HP: 28/28 MP: 5/5
  1627 | D:2      | Noticed Robin
  1634 | D:1      | HP: 1/28 [poisoned by a goblin]
  1635 | D:1      | Succumbed to a goblin's poison

Illustrated notes

Levels and vault maps discovered:
D:1:      dpeg_arrival_rhombus, layout_loops_corners,
          shapermc_ecumenical_altar_petra, nicolae_figureground_sparkle
D:2:      layout_loops_ring, minmay_lizard_pond, uniq_robin
D:3:      layout_loops_ring, lemuel_doored_altar,
          nicolae_overflow_hidden_temple, serial_aquarium,
          aquarium_bridge_long_separate [aquarium_subvault_bridge,
          aquarium_subvault_wall, aquarium_subvault_wall,
          aquarium_subvault_bridge, aquarium_subvault_wall,
          aquarium_subvault_bridge], aquarium_bridge_square
          [aquarium_subvault_window, aquarium_subvault_bridge,
          aquarium_subvault_balcony, aquarium_subvault_bridge],
          aquarium_window_corridor_3, aquarium_window_fake, aquarium_view_2b,
          aquarium_view_2g, aquarium_pool_2, nrook_mini_backslash,
          grunt_ministairs_2, minmay_misc_feat_encased
D:4:      layout_gridville, okawaru_trees_2, minitemple, st_stairs_4,
          guppyfry_shop_venom
D:5:      layout_loops_ring, minmay_temple_entry_mini_moons, uniq_edmund,
          uniq_blork_the_orc

Action                   |  1- 3 |  4- 6 || total
-------------------------+-------+-------++-------
Melee: Falchion          |    98 |     8 ||   106
       Kick              |    21 |     2 ||    23
       Peck              |     6 |     1 ||     7
       Punch             |     1 |       ||     1
  Use: Scroll            |       |     6 ||     6
 Stab: Sleeping          |     5 |       ||     5
Armor: Leather armour    |    14 |       ||    14
       Scale mail        |    20 |    12 ||    32
Dodge: Dodged            |    54 |    12 ||    66

Table legend: (Time is in decaauts)
 A = Elapsed time spent in this place.
 B = Non-inter-level travel time spent in this place.
 C = Inter-level travel time spent in this place.
 D = Time resting spent in this place.
 E = Time spent auto-exploring this place.
 F = Levels seen in this place.
 G = Mean time per level.
                   A        B        C        D        E       F      G
               +--------+--------+--------+--------+--------+-----+--------+
         Total |   1768 |   1749 |     19 |    123 |   1141 |   5 |  353.6 |
       Dungeon |   1768 |   1749 |     19 |    123 |   1141 |   5 |  353.6 |
               +--------+--------+--------+--------+--------+-----+--------+

Top non-repeatable levels by time:
     D:1: 1131 daAuts
     D:2: 486 daAuts
     D:3: 96 daAuts
     D:4: 43 daAuts
     D:5: 11 daAuts
